 Dungeon Crawl Stone Soup version 0.30-a0-738-g116ff8c4af (console) character file.

Game seed: 5280534253096356341

1850 rlgrobin the Grappler (level 8, -1/74 HPs)
             Began as a Troll Ice Elementalist on Feb 4, 2023.
             Was a Follower of Cheibriados.
             Slain by a slime creature (8 damage)
             ... on level 7 of the Dungeon.
             The game lasted 00:10:43 (5087 turns).

rlgrobin the Grappler (Troll Ice Elementalist)      Turns: 5087, Time: 00:10:44

Health: -1/74      AC:  8    Str: 26    XL:     8   Next: 88%
Magic:  9/10       EV: 11    Int: 16    God:    Cheibriados [*.....]
Gold:   355        SH:  0    Dex: 13    Spells: 5/9 levels left

rFire   . . .      SeeInvis .      - Unarmed
rCold   . . .      Faith    .    (no shield)
rNeg    . . .      Spirit   .    y - +0 steam dragon scales
rPois   .          Reflect  .    (helmet restricted)
rElec   .          Harm     .    f - +0 cloak
rCorr   .          Rampage  .    (gloves unavailable)
Will    .....                    (boots unavailable)
Stlth   ++                       (no amulet)
HPRegen 1.12/turn                z - +6 ring of strength
MPRegen 0.12/turn                (no ring)

@: about to teleport, very slow
A: large, unfitting armour, claws 3, regeneration 1, shaggy fur 1, tough skin 1
a: Renounce Religion, Bend Time


You were on level 7 of the Dungeon.
You worshipped Cheibriados.
Cheibriados was aware of your devotion.
You visited 2 branches of the dungeon, and saw 8 of its levels.

You collected 355 gold pieces.

Inventory:

Armour
 f - a +0 cloak (worn)
 y - +0 steam dragon scales (worn)
Jewellery
 z - a +6 ring of strength (left claw)
Wands
 n - a wand of digging (6)
 w - a wand of roots (4)
Scrolls
 a - a scroll of enchant armour {unknown}
 c - a scroll of fear {unknown}
 d - a scroll of torment {unknown}
 j - 2 scrolls of poison {unknown}
 k - 5 scrolls of teleportation
 m - 5 scrolls of identify {unknown}
 p - 2 scrolls of magic mapping {unknown}
 s - 3 scrolls of vulnerability {unknown}
 v - a scroll of amnesia {unknown}
Potions
 b - 2 potions of magic
 e - 3 potions of mutation {unknown}
 g - 5 potions of curing {unknown}
 h - 2 potions of might {unknown}
 i - a potion of cancellation {unknown}
 l - a potion of heal wounds {unknown}
 o - a potion of berserk rage {unknown}
 q - a potion of flight {unknown}
 r - 2 potions of haste {unknown}
 t - a potion of brilliance {unknown}
 u - 2 potions of attraction {unknown}
 x - a potion of invisibility {unknown}


   Skills:
 - Level 2.3 Fighting
 - Level 4.0 Dodging
 - Level 1.0 Stealth
 - Level 8.4 Unarmed Combat
 - Level 1.2 Spellcasting
 - Level 2.9 Ice Magic
 + Level 4.7 Invocations


You had 5 spell levels left.
You knew the following spells:

 Your Spells              Type           Power      Damage    Failure   Level
a - Freeze                Ice            40%        1d6       7%          1
b - Ozocubu's Armour      Ice            10%        N/A       21%         3

Your spell library contained the following spells:

 Spells                   Type           Power      Damage    Failure   Level
 Frozen Ramparts          Ice            20%        1d4       21%         3
 Summon Small Mammal      Summ           0%         N/A       22%         1
 Sublimation of Blood     Necr           0%         N/A       34%         2
 Wereblood                Tmut           0%         N/A       34%         2
 Call Canine Familiar     Summ           0%         N/A       56%         3
 Summon Guardian Golem    Hex/Summ       0%         N/A       56%         3
 Summon Ice Beast         Ice/Summ       5%         N/A       77%         4
 Summon Hydra             Summ           0%         N/A       100%        7


Dungeon Overview and Level Annotations

Branches:
Dungeon (7/15)             Temple (1/1) D:5

Altars:
Cheibriados
Dithmenos
Nemelex Xobeh
Okawaru
Ru
Trog
Uskayaw
Vehumet
Wu Jian
Xom
Yredelemnul
Zin

Shops:
D:3 !

Annotations:
D:6 3 runed translucent doors, DEFE's ghost, novice DsWn


Innate Abilities, Weirdness & Mutations

You are too large for most types of armour.
You have claws for hands.
Your natural rate of healing is unusually fast.
You are covered in fur. (AC +1)
You have tough skin. (AC +1)


Message History

The large slime creature is moderately wounded.
You claw the large slime creature!
The large slime creature is moderately wounded.
You claw the large slime creature!
The large slime creature is heavily wounded.
The large slime creature hits you!!
You are too injured to fight recklessly!
You are too injured to fight recklessly!
You are too injured to fight recklessly!
You claw the large slime creature!
The large slime creature is heavily wounded.
A large slime creature splits.
You barely miss the slime creature.
The slime creature is heavily wounded.
The slime creature barely misses you.
You scratch the slime creature. You claw the slime creature!
The slime creature is severely wounded.
The slime creature hits you but does no damage.
The slime creature barely misses you.
You scratch the slime creature.
The slime creature is almost dead.
The slime creature barely misses you.
You scratch the slime creature.
The slime creature is almost dead.
The slime creature hits you.
A slime creature comes into view. x2
The slime creature hits you but does no damage.
The slime creature quivers. x2
You claw the slime creature!
You kill the slime creature!
Cheibriados thoroughly appreciates the change of pace.
The slime creature hits you!
* * * LOW HITPOINT WARNING * * *
Your Invocations skill increases to level 4!
As you read the scroll labelled DUGIME CAWOT, it crumbles to dust.
You feel strangely unstable.
It was a scroll of teleportation.
The slime creature hits you!
* * * LOW HITPOINT WARNING * * *
The slime creature hits you!
You die...

###................
##..............~ .
##............ ..
#.#.......... #.
#.##......## # ..
#....### ....
##..## .....##.##
......J@# .......J#
........J
......##.. ##....
##. ##..# #. #.. ..
##. .#


You could see 3 slime creatures.

Vanquished Creatures
  A slime creature (D:7)
  A steam dragon (D:6)
  Menkaure (D:4)
  2 sky beasts
  An ogre (D:5)
  A phantom (D:6)
  A bullfrog (D:6)
  6 scorpions
  3 wights (D:5)
  A howler monkey (D:6)
  A hound (D:3)
  Crazy Yiuf (D:5)
  3 iguanas
  3 orc wizards
  Terence (D:3)
  7 gnolls
  7 adders
  A white imp (D:6)
  An ufetubus (D:4)
  2 worms (D:2)
  3 dart slugs (D:2)
  20 orcs
  5 endoplasms
  4 giant cockroaches
  13 goblins
  5 hobgoblins
  4 jackals (D:1)
  3 quokkas
  3 ball pythons
  6 bats
  6 frilled lizards
  4 kobolds
  6 rats
127 creatures vanquished.

Vanquished Creatures (others)
  An endoplasm (D:2)
1 creature vanquished.

Grand Total: 128 creatures vanquished

Notes
Turn   | Place    | Note
-------+----------+-------------------------------------------
     0 | D:1      | rlgrobin the Troll Ice Elementalist began the quest for the
                  | Orb.
     0 | D:1      | Reached XP level 1. HP: 16/16 MP: 1/1
    46 | D:1      | Reached skill level 1 in Unarmed Combat
   284 | D:1      | Reached XP level 2. HP: 24/24 MP: 2/2
   315 | D:1      | Reached skill level 2 in Unarmed Combat
   743 | D:2      | Reached XP level 3. HP: 29/31 MP: 3/3
   804 | D:2      | Reached skill level 3 in Unarmed Combat
   841 | D:2      | Found an ornate altar of the Wu Jian Council.
  1176 | D:3      | Reached XP level 4. HP: 39/39 MP: 4/4
  1180 | D:3      | Reached skill level 4 in Unarmed Combat
  1329 | D:3      | Noticed Terence
  1350 | D:3      | Killed Terence
  1580 | D:3      | Reached XP level 5. HP: 40/45 MP: 0/5
  1643 | D:3      | Found Weliots's Distillery.
  1710 | D:3      | Reached skill level 5 in Unarmed Combat
  2107 | D:4      | Reached XP level 6. HP: 53/53 MP: 6/6
  2151 | D:4      | Reached skill level 6 in Unarmed Combat
  2437 | D:4      | Found an iron altar of Okawaru.
  2444 | D:4      | Found a sacrificial altar of Ru.
  2597 | D:4      | Noticed Menkaure
  2641 | D:4      | Killed Menkaure
  2642 | D:4      | Reached skill level 7 in Unarmed Combat
  2642 | D:4      | Reached XP level 7. HP: 42/59 MP: 7/7
  2776 | D:4      | Found a sparkling altar of Nemelex Xobeh.
  3008 | D:5      | Entered Level 5 of the Dungeon
  3055 | D:5      | Found a staircase to the Ecumenical Temple.
  3064 | Temple   | Entered the Ecumenical Temple
  3243 | Temple   | Became a worshipper of Cheibriados the Contemplative
  3305 | D:5      | Reached skill level 8 in Unarmed Combat
  3386 | D:5      | Reached skill level 1 in Fighting
  3574 | D:5      | Reached XP level 8. HP: 74/74 MP: 8/8
  3961 | D:5      | Found a runed translucent door.
  3962 | D:5      | Noticed Crazy Yiuf
  3995 | D:5      | Killed Crazy Yiuf
  4122 | D:6      | Found a runed translucent gate.
  4122 | D:6      | Found a runed translucent gate.
  4164 | D:6      | Noticed a manticore
  4164 | D:6      | Noticed DEFE's ghost (novice DsWn)
  4165 | D:6      | Found a runed translucent gate.
  4184 | D:6      | Reached * piety under Cheibriados
  4272 | D:6      | Reached skill level 1 in Invocations
  4276 | D:6      | Learned a level 3 spell: Ozocubu's Armour
  5073 | D:7      | Noticed a slime creature
  5073 | D:7      | Noticed a slime creature
  5085 | D:7      | Noticed a slime creature
  5085 | D:7      | Noticed a slime creature
  5086 | D:7      | Killed a slime creature
  5087 | D:7      | Slain by a slime creature

Illustrated notes

Levels and vault maps discovered:
D:1:      dpeg_arrival_central, layout_rooms, hangedman_decor_lopped,
          minivault_25, nicolae_concentric_dashed_squares_mild,
          amethyst_killhole
D:2:      minmay_diamond_boxcup, layout_rooms, basic_altar
D:3:      minmay_angry_zag, layout_loops_cross, serial_shops,
          nicolae_lakefront_shop, uniq_terence
D:4:      layout_gridville, kennysheep_mini_moat,
          nicolae_overflow_hidden_temple, minmay_misc_feat_doors, uniq_menkaure
D:5:      layout_basic, minmay_temple_entry_glass, minivault_14,
          uniq_crazy_yiuf_cottage
D:6:      layout_loops_ring, gammafunk_ghost_split
D:7:      layout_layer_cave, chequers_big_river, minmay_increasing_density
Temple:   chequers_temple_sunken

Skill      XL: |  1  2  3  4  5  6  7  8 |
---------------+-------------------------+-----
Unarmed Combat | 1 2 3 4 5 7 8 |  8.4
Fighting       | 2 |  2.3
Dodging        | 2 4 |  4.0
Invocations    | 4 |  4.7
Stealth        | |  1.0
Spellcasting   | |  1.2
Ice Magic      | |  2.9

Action                     |  1- 3 |  4- 6 |  7- 9 || total
---------------------------+-------+-------+-------++-------
  Melee: Unarmed           |   122 |   125 |   146 ||   393
         Punch             |     2 |     2 |     7 ||    11
   Cast: Freeze            |       |     5 |       ||     5
    Use: Scroll            |       |       |     2 ||     2
   Stab: Sleeping          |     1 |       |       ||     1
 Armour: Robe              |    50 |    34 |    24 ||   108
         Steam dragon scal |       |       |    17 ||    17
  Dodge: Dodged            |    59 |    60 |    61 ||   180

Table legend: (Time is in decaauts)
 A = Elapsed time spent in this place.
 B = Non-inter-level travel time spent in this place.
 C = Inter-level travel time spent in this place.
 D = Time resting spent in this place.
 E = Time spent auto-exploring this place.
 F = Levels seen in this place.
 G = Mean time per level.
                   A        B        C        D        E       F      G
               +--------+--------+--------+--------+--------+-----+--------+
         Total |   5555 |   5328 |    227 |    234 |   4032 |   8 |  694.4 |
       Dungeon |   5347 |   5171 |    176 |    234 |   3883 |   7 |  763.9 |
        Temple |    207 |    156 |     51 |      0 |    149 |   1 |  207.0 |
               +--------+--------+--------+--------+--------+-----+--------+

Top non-repeatable levels by time:
     D:5: 1021 daAuts
     D:6: 955 daAuts
     D:4: 943 daAuts
     D:3: 912 daAuts
     D:1: 645 daAuts
     D:2: 487 daAuts
     D:7: 382 daAuts
  Temple: 207 daAuts
